[Event "Chinese Championship-B Women 2024"]
[Site "Liaocheng"]
[Date "2024.04.24"]
[Round "2.9"]
[White "Ji, Yueran"]
[Black "Men, Jiayi"]
[Result "0-1"]
[WhiteElo "1660"]
[BlackElo "1845"]
[PlyCount "96"]
[EventDate "2024.04.24"]
[EventType "swiss"]
[EventCountry "CHN"]
[TimeControl "5400+30"]

1. e4 d6 2. d4 Nf6 3. Nc3 g6 4. f4 Bg7 5. Nf3 a6 6. Bd3 O-O 7. e5 dxe5 8. fxe5 Nd5 9. Nxd5 Qxd5 10. O-O Bg4 11. Be3 c5 12. Be2 cxd4 13. Qxd4 Qxd4 14. Bxd4 Nc6 15. Bc3 Nxe5 16. Bxe5 Bxe5 17. h3 Bxf3 18. Bxf3 Rab8 19. Rad1 Bd6 20. c4 b5 21. cxb5 Rxb5 22. Rd2 Kg7 23. b3 Rc5 24. Rd5 Rfc8 25. Rxc5 Rxc5 26. Be2 a5 27. Bc4 f6 28. Rd1 Kh6 29. Kf2 Kg5 30. Rd4 Rf5+ 31. Ke2 Bc5 32. Rg4+ Kh6 33. Kd3 Rf2 34. a4 f5 35. Rg3 Bd6 36. Re3 Rxg2 37. Bd5 Rg3 38. Rxg3 Bxg3 39. Ke3 Bd6 40. Bc4 e5 41. Be2 Kg5 42. Bf1 Bc5+ 43. Kd3 Kf4 44. Kc4 Bb4 45. Kd3 e4+ 46. Ke2 Kg3 47. Ke3 Bc5+ 48. Ke2 f4 0-1

[Event "Chinese Championship-B Women 2024"]
[Site "Liaocheng"]
[Date "2024.04.24"]
[Round "2.10"]
[White "Liu, Youyin"]
[Black "Zhou, Lanqier"]
[Result "0-1"]
[WhiteElo "1840"]
[BlackElo "1654"]
[PlyCount "84"]
[EventDate "2024.04.24"]
[EventType "swiss"]
[EventCountry "CHN"]
[TimeControl "5400+30"]

1. e4 e5 2. Nf3 Nc6 3. Bb5 a6 4. Ba4 b5 5. Bb3 Nf6 6. O-O Be7 7. c3 Nxe4 8. Bd5 Nf6 9. Bxc6 dxc6 10. Nxe5 Bb7 11. Qf3 Qd5 12. d4 Qxf3 13. Nxf3 O-O 14. Bg5 c5 15. Re1 Rfe8 16. Nbd2 cxd4 17. Nxd4 Bd6 18. Bxf6 gxf6 19. Nf5 Bc5 20. Nb3 Bb6 21. Nbd4 Re5 22. Ne7+ Kf8 23. Nec6 Rc5 24. Ne7 Rg5 25. g3 Bxd4 26. cxd4 Re8 27. Rac1 c6 28. h4 Rh5 29. g4 Rxh4 30. Nf5 Rxg4+ 31. Kf1 Rxe1+ 32. Rxe1 Bc8 33. Nd6 Be6 34. Re4 f5 35. Rxg4 fxg4 36. Ne4 f5 37. Nc5 Bxa2 38. Nxa6 Kf7 39. Ke2 Kf6 40. Nb4 Bd5 41. Ke3 Kg5 42. Nd3 h5 0-1

[Event "Chinese Championship-B Women 2024"]
[Site "Liaocheng"]
[Date "2024.04.24"]
[Round "2.11"]
[White "Zhu, Zile"]
[Black "Li, Peishan"]
[Result "1/2-1/2"]
[WhiteElo "1819"]
[BlackElo "1647"]
[PlyCount "75"]
[EventDate "2024.04.24"]
[EventType "swiss"]
[EventCountry "CHN"]
[TimeControl "5400+30"]

1. d4 Nf6 2. c4 e6 3. Nf3 Be7 4. Nc3 d5 5. Bg5 Nbd7 6. e3 O-O 7. Qc2 b6 8. cxd5 exd5 9. Bd3 Bb7 10. O-O c5 11. Ne5 h6 12. Bh4 Nxe5 13. dxe5 Ng4 14. Bg3 Bh4 15. Bf4 Qe7 16. g3 d4 17. exd4 cxd4 18. Qe2 dxc3 19. Qxg4 cxb2 20. Bxh6 Bg5 21. Bxg5 bxa1=Q 22. Bxe7 Qxe5 23. Bxf8 Rxf8 24. Rd1 Re8 25. Bf1 g6 26. Bg2 Bxg2 27. Kxg2 Qe4+ 28. Qxe4 Rxe4 29. Rd3 Re2 30. Ra3 a5 31. Kf3 Rb2 32. Ra4 Kg7 33. h4 Rc2 34. Ke3 Kf6 35. f3 Rg2 36. Kf4 Re2 37. a3 Ra2 38. Kg4 1/2-1/2

[Event "Chinese Championship-B Women 2024"]
[Site "Liaocheng"]
[Date "2024.04.24"]
[Round "2.12"]
[White "He, Yi"]
[Black "He, Yixuan"]
[Result "1/2-1/2"]
[WhiteElo "1636"]
[BlackElo "1812"]
[PlyCount "75"]
[EventDate "2024.04.24"]
[EventType "swiss"]
[EventCountry "CHN"]
[TimeControl "5400+30"]

1. e4 c5 2. Nf3 d6 3. d4 cxd4 4. Nxd4 Nf6 5. f3 a6 6. c4 Nc6 7. Nc3 g6 8. Be3 Bg7 9. Qd2 O-O 10. Be2 Bd7 11. O-O Rc8 12. Rac1 Qc7 13. Nd5 Qd8 14. Nb3 Nxd5 15. cxd5 Ne5 16. Na5 Rxc1 17. Rxc1 b5 18. h3 f5 19. Nb3 fxe4 20. fxe4 Qb8 21. Qa5 Bc8 22. Rc7 Nc4 23. Bxc4 bxc4 24. Rxc4 Bxb2 25. Rb4 Qa8 26. Qc7 a5 27. Nxa5 Bf6 28. Ba7 Ba6 29. Nc6 Qc8 30. Qxc8 Rxc8 31. a4 e6 32. a5 exd5 33. exd5 Re8 34. Rb8 Kf7 35. Rxe8 Kxe8 36. Kf2 Bc4 37. Bb8 Kd7 38. Na7 1/2-1/2

[Event "Chinese Championship-B Women 2024"]
[Site "Liaocheng"]
[Date "2024.04.24"]
[Round "2.13"]
[White "Liu, Tian Yi"]
[Black "Shi, Yige"]
[Result "1/2-1/2"]
[WhiteElo "1636"]
[BlackElo "1794"]
[PlyCount "63"]
[EventDate "2024.04.24"]
[EventType "swiss"]
[EventCountry "CHN"]
[TimeControl "5400+30"]

1. e4 c5 2. Nf3 d6 3. Bb5+ Nd7 4. d4 cxd4 5. Qxd4 a6 6. Bxd7+ Bxd7 7. O-O Nf6 8. Nc3 Bc6 9. Rd1 g6 10. Qd3 Qc8 11. Bg5 Bg7 12. Nd5 Bxd5 13. exd5 O-O 14. c4 Qd7 15. Rac1 b5 16. c5 dxc5 17. Rxc5 Rfd8 18. Bf4 Qb7 19. h3 Rac8 20. Rxc8 Qxc8 21. Qb3 Qf5 22. Be5 Ne4 23. Bxg7 Kxg7 24. Qb4 Rxd5 25. Rxd5 Qxd5 26. Qxe7 Qd1+ 27. Kh2 Qd5 28. Kg1 Qd1+ 29. Kh2 Qd6+ 30. Qxd6 Nxd6 31. Nd4 Kf6 32. f4 1/2-1/2

[Event "Chinese Championship-B Women 2024"]
[Site "Liaocheng"]
[Date "2024.04.24"]
[Round "2.14"]
[White "Xue, Shixuan"]
[Black "Yang, Shufan"]
[Result "1/2-1/2"]
[WhiteElo "1790"]
[BlackElo "1627"]
[PlyCount "118"]
[EventDate "2024.04.24"]
[EventType "swiss"]
[EventCountry "CHN"]
[TimeControl "5400+30"]

1. e4 c5 2. Nf3 d6 3. d4 cxd4 4. Nxd4 Nf6 5. Nc3 a6 6. h3 e6 7. g4 Be7 8. Bg2 Qc7 9. Be3 Nc6 10. g5 Nd7 11. f4 Nc5 12. Nb3 Nxb3 13. cxb3 b5 14. Rc1 Bb7 15. O-O Qd8 16. Qg4 Rc8 17. Rfd1 O-O 18. e5 d5 19. Ne4 Qc7 20. Nc5 Rfd8 21. Qg3 Bxc5 22. Bxc5 Ne7 23. Qf2 Qd7 24. Kh2 Rc6 25. b4 Rdc8 26. Rc3 Qe8 27. Bf3 Ra8 28. Rdc1 Rac8 29. Bg4 Ng6 30. Qd4 Qd7 31. Rf1 Qd8 32. a3 Ra8 33. Rfc1 Qd7 34. Kg3 Rac8 35. h4 Ne7 36. h5 R6c7 37. Qd3 Rc6 38. Kf2 R6c7 39. Ke2 Rc6 40. Qd4 R6c7 41. Bxe7 Qxe7 42. Qb6 Rxc3 43. Rxc3 Rxc3 44. bxc3 Qd7 45. Kd2 Kf8 46. Be2 g6 47. Ke3 Ke8 48. Kd4 Qc8 49. Qc5 Qd7 50. Qb6 Qc8 51. h6 Qd7 52. a4 bxa4 53. Bxa6 Bxa6 54. Qxa6 Kd8 55. b5 a3 56. b6 Qc6 57. Kd3 a2 58. Qxa2 Qxb6 59. Qa8+ Ke7 1/2-1/2

[Event "Chinese Championship-B Women 2024"]
[Site "Liaocheng"]
[Date "2024.04.24"]
[Round "2.15"]
[White "Wang, Jingyan"]
[Black "Wang, Yi(Bj)"]
[Result "0-1"]
[WhiteElo "1632"]
[BlackElo "1782"]
[PlyCount "86"]
[EventDate "2024.04.24"]
[EventType "swiss"]
[EventCountry "CHN"]
[TimeControl "5400+30"]

1. d4 d5 2. Bf4 Nf6 3. e3 c5 4. c3 Nc6 5. Nf3 Qb6 6. Qc2 g6 7. Be2 Bf5 8. Qc1 Bg7 9. Nbd2 O-O 10. O-O Rac8 11. a3 c4 12. Ne5 h5 13. h4 Qd8 14. Bd1 Nd7 15. Nxd7 Qxd7 16. Bc2 Bxc2 17. Qxc2 Qg4 18. Nf3 Rfe8 19. Rad1 b5 20. Rfe1 Qf5 21. Qe2 a5 22. g3 e6 23. e4 dxe4 24. Qxe4 Qxe4 25. Rxe4 Ne7 26. Rde1 Nd5 27. Bd2 Rb8 28. Ne5 Bxe5 29. dxe5 Red8 30. Rd4 Nb6 31. Ree4 Na4 32. Bc1 Nc5 33. Rxd8+ Rxd8 34. Rd4 Rd5 35. Be3 Nd3 36. a4 Rxd4 37. cxd4 bxa4 38. Bd2 Nxb2 39. Bxa5 a3 40. Bc3 Nd1 41. Ba1 c3 42. Kf1 c2 43. Ke2 c1=Q 0-1

[Event "Chinese Championship-B Women 2024"]
[Site "Liaocheng"]
[Date "2024.04.24"]
[Round "3.1"]
[White "Wang, Yi(Bj)"]
[Black "Wang, Chuqiao"]
[Result "0-1"]
[WhiteElo "1782"]
[BlackElo "2302"]
[PlyCount "94"]
[EventDate "2024.04.24"]
[EventType "swiss"]
[EventCountry "CHN"]
[TimeControl "5400+30"]

1. e4 e5 2. Nc3 Nc6 3. Nf3 Nf6 4. a3 Bc5 5. Nxe5 Nxe5 6. d4 Bxd4 7. Qxd4 d6 8. Be3 Nc6 9. Qd2 Qe7 10. f3 a6 11. O-O-O Be6 12. Bg5 h6 13. Nd5 Bxd5 14. exd5 Ne5 15. Bh4 O-O 16. Re1 Qd8 17. Be2 Ng6 18. Bf2 c6 19. dxc6 bxc6 20. g4 Nd5 21. h4 Qf6 22. c4 Ndf4 23. Bg3 Nxe2+ 24. Qxe2 Rab8 25. Qd2 Qxf3 26. Bxd6 Rfd8 27. c5 Ne5 28. Rhf1 Qb3 29. Rxe5 Qc4+ 30. Qc3 Qxf1+ 31. Re1 Qf2 32. Bxb8 Rxb8 33. g5 Qxh4 34. gxh6 Qxh6+ 35. Kb1 Qg5 36. Re5 Qf4 37. Ka2 Qf6 38. Qe3 g6 39. Qe2 Kg7 40. Qh2 Rd8 41. Re1 Rh8 42. Qe2 a5 43. Qd2 a4 44. Re4 Rh4 45. Rb4 Qe6+ 46. Kb1 Rh1+ 47. Kc2 Qf5+ 0-1

[Event "Chinese Championship-B Women 2024"]
[Site "Liaocheng"]
[Date "2024.04.24"]
[Round "3.2"]
[White "Shao, Qiyu"]
[Black "Jiang, Tianyu"]
[Result "1/2-1/2"]
[WhiteElo "1764"]
[BlackElo "1929"]
[PlyCount "60"]
[EventDate "2024.04.24"]
[EventType "swiss"]
[EventCountry "CHN"]
[TimeControl "5400+30"]

1. d4 d5 2. c4 e6 3. Nc3 c6 4. Nf3 Nf6 5. e3 Nbd7 6. Qc2 Bd6 7. g4 Nxg4 8. Rg1 Qf6 9. Rxg4 Qxf3 10. Rxg7 Nf8 11. Rg5 h6 12. Rg2 Bd7 13. e4 dxe4 14. Qxe4 Qxe4+ 15. Nxe4 Bb4+ 16. Kd1 Be7 17. Bd3 Ng6 18. Be3 O-O-O 19. Kc2 Nh4 20. Rgg1 Be8 21. Kc3 f5 22. Nc5 Bxc5 23. dxc5 e5 24. f4 e4 25. Be2 Nf3 26. Rg7 Bh5 27. Rd1 Rxd1 28. Bxd1 Rd8 29. Be2 Rd7 30. Rg3 Bg4 1/2-1/2

[Event "Chinese Championship-B Women 2024"]
[Site "Liaocheng"]
[Date "2024.04.24"]
[Round "3.3"]
[White "Zhao, Chenyu"]
[Black "Sun, Jihan"]
[Result "0-1"]
[WhiteElo "1909"]
[BlackElo "1781"]
[PlyCount "92"]
[EventDate "2024.04.24"]
[EventType "swiss"]
[EventCountry "CHN"]
[TimeControl "5400+30"]

1. e4 c5 2. Nf3 Nc6 3. Bb5 g6 4. O-O Bg7 5. c3 Nf6 6. Re1 O-O 7. d4 d5 8. e5 Ne4 9. Be3 Qb6 10. Bxc6 bxc6 11. Qc1 cxd4 12. cxd4 a5 13. Nbd2 Nxd2 14. Nxd2 a4 15. b4 Bf5 16. a3 f6 17. exf6 exf6 18. Qc3 Rfe8 19. Rec1 Re6 20. Nf3 Bg4 21. Ne1 Be2 22. Nd3 Bxd3 23. Qxd3 f5 24. Rc5 Rae8 25. g3 Bf8 26. Ra5 Re4 27. Rxa4 Bg7 28. Ra6 Qb7 29. Rc1 R8e6 30. Ra5 h6 31. Qa6 Qe7 32. Qc8+ Kh7 33. Ra8 g5 34. Kh1 Rf6 35. Qg8+ Kg6 36. Bd2 Re2 37. Bc3 Qe4+ 38. Kg1 Qf3 39. Rf1 Rf7 40. Ba1 Rfe7 41. Rc8 Rxf2 42. Rxc6+ Kh5 43. Qf7+ Rxf7 44. Rxf2 Qd1+ 45. Rf1 Bxd4+ 46. Kg2 Qe2+ 0-1

[Event "Chinese Championship-B Women 2024"]
[Site "Liaocheng"]
[Date "2024.04.24"]
[Round "3.4"]
[White "Mu, Wangxueyao"]
[Black "Gao, Muziyan"]
[Result "1-0"]
[WhiteElo "1738"]
[BlackElo "1891"]
[PlyCount "57"]
[EventDate "2024.04.24"]
[EventType "swiss"]
[EventCountry "CHN"]
[TimeControl "5400+30"]

1. d4 Nf6 2. c4 e6 3. Nc3 Bb4 4. Qc2 d5 5. a3 Bxc3+ 6. Qxc3 dxc4 7. Qxc4 O-O 8. Nf3 b6 9. Bf4 Nd5 10. Bg5 f6 11. Bh4 Ba6 12. Qc2 Qe8 13. e3 Bxf1 14. Rxf1 Qb5 15. O-O-O c5 16. Bg3 Na6 17. e4 Rfc8 18. Kb1 Ne7 19. Bd6 Nc6 20. d5 exd5 21. exd5 Na5 22. Be7 c4 23. d6 Qd7 24. Rfe1 Re8 25. Nd4 Nc5 26. Re3 Kh8 27. Rh3 Nd3 28. Rdxd3 Rxe7 29. Rde3 1-0

[Event "Chinese Championship-B Women 2024"]
[Site "Liaocheng"]
[Date "2024.04.24"]
[Round "3.5"]
[White "Men, Jiayi"]
[Black "Wang, Shunshun"]
[Result "1/2-1/2"]
[WhiteElo "1845"]
[BlackElo "1763"]
[PlyCount "102"]
[EventDate "2024.04.24"]
[EventType "swiss"]
[EventCountry "CHN"]
[TimeControl "5400+30"]

1. d4 d5 2. Nf3 Nf6 3. g3 c5 4. Bg2 cxd4 5. Nxd4 e5 6. Nf3 Nc6 7. O-O Bf5 8. Bg5 Be7 9. c3 h6 10. Bxf6 Bxf6 11. Qa4 e4 12. Nd4 Bxd4 13. cxd4 Qb6 14. Nc3 Rd8 15. b3 O-O 16. Rfd1 a6 17. Rac1 Qa7 18. Qa3 Bg4 19. h3 Be6 20. e3 Rc8 21. Nxe4 dxe4 22. d5 Bd7 23. dxc6 Bxc6 24. Qb4 a5 25. Qd4 Qxd4 26. Rxd4 Rcd8 27. Rcd1 Rxd4 28. Rxd4 Re8 29. g4 g6 30. Kh2 Kg7 31. Kg3 Kf6 32. h4 Re5 33. a3 Rb5 34. b4 axb4 35. axb4 Ke5 36. Bxe4 Bxe4 37. f4+ Kf6 38. Rxe4 Rd5 39. g5+ Kg7 40. gxh6+ Kxh6 41. Re7 Rb5 42. Rxf7 Rxb4 43. Kf3 b5 44. e4 Rb1 45. e5 b4 46. e6 b3 47. Rb7 Re1 48. Rxb3 Rxe6 49. Kg4 Re1 50. Rb6 Rg1+ 51. Kh3 Rf1 1/2-1/2

[Event "Chinese Championship-B Women 2024"]
[Site "Liaocheng"]
[Date "2024.04.24"]
[Round "3.6"]
[White "Zhou, Lanqier"]
[Black "Zhao, Yunqing"]
[Result "1/2-1/2"]
[WhiteElo "1654"]
[BlackElo "1965"]
[PlyCount "74"]
[EventDate "2024.04.24"]
[EventType "swiss"]
[EventCountry "CHN"]
[TimeControl "5400+30"]

1. d4 Nf6 2. c4 e6 3. Nf3 b6 4. g3 Bb7 5. Bg2 Be7 6. O-O O-O 7. Nc3 Ne4 8. Bd2 Bf6 9. e3 d6 10. Qc2 Nxd2 11. Qxd2 Nd7 12. b4 g6 13. Rfd1 Bg7 14. Rab1 Qc8 15. d5 e5 16. Rdc1 Qd8 17. Ne4 Nf6 18. Nxf6+ Bxf6 19. Ne1 Be7 20. Nd3 f5 21. Qe2 e4 22. Nf4 Bc8 23. f3 exf3 24. Bxf3 Bg5 25. Ne6 Bxe6 26. dxe6 Rc8 27. Bd5 Kh8 28. b5 Qe7 29. Rf1 Qg7 30. Rf3 Rce8 31. Kg2 Rf6 32. Rbf1 Rfxe6 33. Bxe6 Rxe6 34. h4 Bf6 35. Qd3 Qe7 36. Re1 Re4 37. Qd5 Kg7 1/2-1/2

[Event "Chinese Championship-B Women 2024"]
[Site "Liaocheng"]
[Date "2024.04.24"]
[Round "3.7"]
[White "Hu, Yu A."]
[Black "Xue, Shixuan"]
[Result "0-1"]
[WhiteElo "2148"]
[BlackElo "1790"]
[PlyCount "36"]
[EventDate "2024.04.24"]
[EventType "swiss"]
[EventCountry "CHN"]
[TimeControl "5400+30"]

1. c4 e5 2. Nc3 Nf6 3. Nf3 Nc6 4. g3 d5 5. cxd5 Nxd5 6. Bg2 Be6 7. O-O Be7 8. d3 O-O 9. Bd2 f5 10. Ng5 Bxg5 11. Bxg5 Nxc3 12. Bxd8 Nxd1 13. Bg5 Nxb2 14. Rfb1 Na4 15. Rxb7 Nd4 16. e3 Ne2+ 17. Kf1 Nec3 18. Rxc7 e4 0-1

[Event "Chinese Championship-B Women 2024"]
[Site "Liaocheng"]
[Date "2024.04.24"]
[Round "3.8"]
[White "Guo, Hanxi"]
[Black "Chu, Ruotong"]
[Result "1/2-1/2"]
[WhiteElo "1699"]
[BlackElo "2124"]
[PlyCount "102"]
[EventDate "2024.04.24"]
[EventType "swiss"]
[EventCountry "CHN"]
[TimeControl "5400+30"]

1. e4 c5 2. Nf3 a6 3. d4 cxd4 4. Nxd4 e5 5. Nf3 Nf6 6. Nc3 Bb4 7. Bd2 O-O 8. Bd3 d5 9. Nxd5 Nxd5 10. exd5 Bxd2+ 11. Nxd2 Qxd5 12. O-O Qd4 13. Qe2 Nc6 14. Qe4 Qxe4 15. Bxe4 Be6 16. Rfe1 Rfd8 17. Bxc6 Rxd2 18. Bxb7 Rb8 19. Bxa6 Rxc2 20. b3 Ra8 21. Bc4 Bxc4 22. bxc4 f6 23. Kf1 Kf7 24. Re2 Rxc4 25. Rb1 Ra7 26. g3 Ke6 27. Rd2 Rd4 28. Rdb2 Rda4 29. Rc1 Rxa2 30. Rxa2 Rxa2 31. Rc7 g6 32. Rxh7 Kf5 33. Re7 g5 34. h3 Ke4 35. Rf7 f5 36. Kg2 f4 37. gxf4 gxf4 38. Rb7 Ra6 39. f3+ Kf5 40. Rh7 Ra2+ 41. Kf1 Ke6 42. Rh8 Kd5 43. Rd8+ Kc4 44. Kg1 Ra1+ 45. Kg2 Ra2+ 46. Kg1 Ra6 47. Kg2 Rg6+ 48. Kf2 Rh6 49. Kg2 Rg6+ 50. Kf2 Rh6 51. Kg2 Rg6+ 1/2-1/2

[Event "Chinese Championship-B Women 2024"]
[Site "Liaocheng"]
[Date "2024.04.24"]
[Round "3.9"]
[White "Xu, Mingwei"]
[Black "Pian, Junyao"]
[Result "1-0"]
[WhiteElo "2037"]
[BlackElo "1717"]
[PlyCount "61"]
[EventDate "2024.04.24"]
[EventType "swiss"]
[EventCountry "CHN"]
[TimeControl "5400+30"]

1. e4 c5 2. Nf3 d6 3. d4 cxd4 4. Qxd4 Nc6 5. Qe3 g6 6. Be2 Bg7 7. h3 Nf6 8. O-O Qc7 9. c4 b6 10. Nc3 O-O 11. Rb1 Na5 12. b3 Ba6 13. Bb2 Qc5 14. Qd2 Rfd8 15. Bd3 e6 16. Rfe1 Nd7 17. Na4 Qc7 18. Bxg7 Kxg7 19. b4 Nxc4 20. Qc3+ Nde5 21. b5 Rac8 22. bxa6 Qd7 23. Bxc4 Qxa4 24. Nxe5 dxe5 25. Qxe5+ f6 26. Bb5 Qxa2 27. Qb2 Qa5 28. Qb4 Qa2 29. Rb2 Qa5 30. Qxa5 bxa5 31. Bf1 1-0

[Event "Chinese Championship-B Women 2024"]
[Site "Liaocheng"]
[Date "2024.04.24"]
[Round "3.10"]
[White "Du, Yuxin"]
[Black "Lou, Yuxin"]
[Result "1-0"]
[WhiteElo "1960"]
[BlackElo "1706"]
[PlyCount "67"]
[EventDate "2024.04.24"]
[EventType "swiss"]
[EventCountry "CHN"]
[TimeControl "5400+30"]

1. e4 c5 2. Nf3 Nc6 3. Bb5 g6 4. O-O Bg7 5. Bxc6 dxc6 6. h3 b6 7. Nc3 Nf6 8. d3 O-O 9. Bf4 Ba6 10. Re1 Qc8 11. Qe2 e6 12. Qe3 Rd8 13. Bg5 Re8 14. Bxf6 Bxf6 15. e5 Bg7 16. Ne4 Rd8 17. Nf6+ Bxf6 18. exf6 Rd5 19. c4 Rf5 20. g4 Rxf6 21. g5 Rxf3 22. Qxf3 Qd8 23. Qe3 Qd7 24. Rad1 Rd8 25. b3 Bc8 26. Qe5 Qe7 27. Re4 Rd4 28. a3 Qd7 29. Rxd4 cxd4 30. b4 c5 31. bxc5 bxc5 32. Rb1 Bb7 33. Qb8+ Bc8 34. Qa8 1-0

[Event "Chinese Championship-B Women 2024"]
[Site "Liaocheng"]
[Date "2024.04.24"]
[Round "3.11"]
[White "Li, Peishan"]
[Black "Guo, Weibao"]
[Result "0-1"]
[WhiteElo "1647"]
[BlackElo "1954"]
[PlyCount "78"]
[EventDate "2024.04.24"]
[EventType "swiss"]
[EventCountry "CHN"]
[TimeControl "5400+30"]

1. e4 e6 2. d4 d5 3. Nd2 a6 4. e5 c5 5. c3 Nc6 6. Ndf3 cxd4 7. cxd4 Bb4+ 8. Bd2 Qb6 9. Bxb4 Qxb4+ 10. Qd2 Bd7 11. Bd3 Rc8 12. Ne2 Nge7 13. a4 Qxd2+ 14. Nxd2 Na5 15. b4 Nc4 16. Bxc4 dxc4 17. Rc1 b5 18. Ne4 O-O 19. O-O Bc6 20. Nd6 Ra8 21. Nc3 Nc8 22. Nxc8 Rfxc8 23. Rfd1 Rd8 24. f3 f5 25. Kf2 g5 26. g3 Kf7 27. h4 gxh4 28. gxh4 Kg6 29. Rg1+ Kf7 30. Rgd1 Kg6 31. Rg1+ Kh6 32. Rgd1 Rd7 33. Ne2 a5 34. Nf4 axb4 35. axb5 Ra2+ 36. Kg3 Rg7+ 37. Kh3 Bxf3 38. Rg1 Bg4+ 39. Kg3 Bd1+ 0-1

[Event "Chinese Championship-B Women 2024"]
[Site "Liaocheng"]
[Date "2024.04.24"]
[Round "3.12"]
[White "Wang, Xiaoyan"]
[Black "He, Yi"]
[Result "1-0"]
[WhiteElo "1932"]
[BlackElo "1636"]
[PlyCount "73"]
[EventDate "2024.04.24"]
[EventType "swiss"]
[EventCountry "CHN"]
[TimeControl "5400+30"]

1. d4 Nf6 2. c4 e6 3. Nf3 d5 4. Nc3 dxc4 5. e4 Bb4 6. Qa4+ Nc6 7. Bg5 h6 8. Bxf6 gxf6 9. a3 Ba5 10. Bxc4 Bd7 11. Qc2 a6 12. O-O O-O 13. Rad1 b5 14. Ba2 Ne7 15. b4 Bb6 16. e5 f5 17. d5 Qc8 18. dxe6 Bxe6 19. Nd5 Nxd5 20. Bxd5 Bxd5 21. Rxd5 Qe6 22. Rfd1 a5 23. Nh4 f4 24. Nf5 axb4 25. axb4 Kh8 26. Qe4 Ra2 27. Rf1 Rfa8 28. Rd3 Ra1 29. Rdd1 R1a4 30. Qxf4 Kh7 31. h4 Re8 32. Rd3 Bc5 33. Rb1 Bf8 34. Rg3 Qxe5 35. Qg4 Qh8 36. Ne7 Bxe7 37. Qf5# 1-0

[Event "Chinese Championship-B Women 2024"]
[Site "Liaocheng"]
[Date "2024.04.24"]
[Round "3.13"]
[White "Shao, Yanrui"]
[Black "Zhu, Zile"]
[Result "1/2-1/2"]
[WhiteElo "1514"]
[BlackElo "1819"]
[PlyCount "60"]
[EventDate "2024.04.24"]
[EventType "swiss"]
[EventCountry "CHN"]
[TimeControl "5400+30"]

1. f4 e6 2. Nf3 c5 3. g3 g6 4. Bg2 Bg7 5. d3 Nc6 6. Nc3 Nge7 7. O-O O-O 8. e4 d6 9. h3 Rb8 10. g4 b5 11. Ne2 d5 12. e5 f5 13. g5 Bb7 14. h4 Kf7 15. Be3 Qb6 16. c3 a5 17. d4 c4 18. Kf2 Nc8 19. h5 Rh8 20. Rh1 N8a7 21. b3 Ba6 22. hxg6+ hxg6 23. Rxh8 Bxh8 24. Rb1 Qc7 25. Nh4 Ne7 26. Nf3 Bg7 27. Nd2 Nec6 28. Ng3 Ne7 29. Ne2 Nec6 30. Ng3 Ne7 1/2-1/2

[Event "Chinese Championship-B Women 2024"]
[Site "Liaocheng"]
[Date "2024.04.24"]
[Round "3.14"]
[White "He, Yixuan"]
[Black "Liu, Tian Yi"]
[Result "1/2-1/2"]
[WhiteElo "1812"]
[BlackElo "1636"]
[PlyCount "106"]
[EventDate "2024.04.24"]
[EventType "swiss"]
[EventCountry "CHN"]
[TimeControl "5400+30"]

1. e4 c6 2. d4 d5 3. exd5 cxd5 4. Bd3 Nc6 5. c3 Nf6 6. h3 e5 7. dxe5 Nxe5 8. Be3 Bd6 9. Nf3 O-O 10. Nxe5 Bxe5 11. O-O Bc7 12. Nd2 Qd6 13. Nf3 h6 14. Rc1 Re8 15. Qc2 Bd7 16. Bd4 Ne4 17. Be3 Qg6 18. Kh1 Qh5 19. Ng1 Ng3+ 20. fxg3 Rxe3 21. Bh7+ Kh8 22. Bf5 Bxf5 23. Qxf5 Qxf5 24. Rxf5 Re7 25. g4 Rd8 26. Rd1 Bb6 27. Rf3 d4 28. Rfd3 Re3 29. Rxe3 dxe3 30. Rxd8+ Bxd8 31. Ne2 Kh7 32. g3 Kg6 33. Kg2 f5 34. gxf5+ Kxf5 35. Kf3 g5 36. g4+ Ke5 37. Kxe3 Bb6+ 38. Kf3 Kd5 39. Ng3 Kc4 40. Ke2 Bc5 41. Nf5 Bf8 42. Ke3 Kd5 43. Kf3 Ke5 44. Nd4 Bc5 45. Ne2 Kd5 46. Ng3 Ke5 47. Ne4 Be7 48. Ke3 a6 49. b3 Bd8 50. Ng3 Bb6+ 51. Kf3 Bc5 52. Ne2 Bb6 53. Nc1 Ba5 1/2-1/2

[Event "Chinese Championship-B Women 2024"]
[Site "Liaocheng"]
[Date "2024.04.24"]
[Round "3.15"]
[White "Yang, Shufan"]
[Black "Zhou, Shumeng"]
[Result "0-1"]
[WhiteElo "1627"]
[BlackElo "1800"]
[PlyCount "62"]
[EventDate "2024.04.24"]
[EventType "swiss"]
[EventCountry "CHN"]
[TimeControl "5400+30"]

1. Nf3 Nf6 2. g3 d5 3. d4 g6 4. Bg2 Bg7 5. O-O O-O 6. b3 c5 7. Bb2 cxd4 8. Nxd4 Re8 9. e3 e5 10. Ne2 Nc6 11. Nd2 Bf5 12. a3 Qe7 13. Nf3 Rad8 14. Nh4 Bg4 15. h3 Bc8 16. Nf3 h5 17. Nc1 e4 18. Nd4 h4 19. Nce2 Ne5 20. Kh2 Nh5 21. Nf4 Qg5 22. Nxh5 gxh5 23. Qe2 Rd6 24. Rad1 Rg6 25. Qe1 Nf3+ 26. Bxf3 exf3 27. Nxf3 Qf5 28. Bxg7 hxg3+ 29. Kg1 Qxf3 30. fxg3 Rxg3+ 31. Kh2 Qg2# 0-1

[Event "Chinese Championship-B Women 2024"]
[Site "Liaocheng"]
[Date "2024.04.24"]
[Round "4.1"]
[White "Wang, Chuqiao"]
[Black "Mu, Wangxueyao"]
[Result "1-0"]
[WhiteElo "2302"]
[BlackElo "1738"]
[PlyCount "109"]
[EventDate "2024.04.24"]
[EventType "swiss"]
[EventCountry "CHN"]
[TimeControl "5400+30"]

1. d4 d5 2. c4 e6 3. Nc3 c5 4. cxd5 exd5 5. Nf3 Nc6 6. Bg5 Be7 7. Bxe7 Ngxe7 8. e3 c4 9. e4 dxe4 10. Nxe4 Bg4 11. Bxc4 O-O 12. O-O Bxf3 13. Qxf3 Qxd4 14. Bb3 Ne5 15. Qe2 N7c6 16. Rad1 Qb6 17. Nd6 Rad8 18. Nf5 g6 19. Ng3 Kg7 20. h3 Rfe8 21. Rxd8 Rxd8 22. Kh2 Qa6 23. Qxa6 bxa6 24. f4 Nd3 25. f5 f6 26. Ne2 gxf5 27. Rxf5 Nce5 28. Nf4 Rd6 29. Nxd3 Nxd3 30. Bc2 Nxb2 31. Rc5 Rd7 32. Bf5 Re7 33. Kg3 Nd1 34. Kf4 Ne3 35. Be4 Nd1 36. Kf3 Nb2 37. Bc2 a5 38. Rh5 Kh8 39. Rxa5 Nc4 40. Rc5 Ne5+ 41. Kf4 Kg7 42. g4 Ng6+ 43. Kf3 Ne5+ 44. Kg3 Nd3 45. Rc3 Nc1 46. Ra3 Ne2+ 47. Kf2 Nf4 48. Bf5 h5 49. Rf3 Ne2 50. gxh5 Nd4 51. Rg3+ Kh6 52. Bd3 Kxh5 53. Rg6 Ne6 54. Rxf6 Ng5 55. Be2+ 1-0

[Event "Chinese Championship-B Women 2024"]
[Site "Liaocheng"]
[Date "2024.04.24"]
[Round "4.2"]
[White "Sun, Jihan"]
[Black "Xu, Mingwei"]
[Result "1-0"]
[WhiteElo "1781"]
[BlackElo "2037"]
[PlyCount "113"]
[EventDate "2024.04.24"]
[EventType "swiss"]
[EventCountry "CHN"]
[TimeControl "5400+30"]

1. e4 e5 2. Nf3 Nc6 3. Bc4 Nf6 4. d3 Be7 5. Nc3 d6 6. a4 Bg4 7. h3 Bxf3 8. Qxf3 Nd4 9. Qd1 O-O 10. O-O Qd7 11. Be3 c6 12. f4 Rad8 13. Ba2 b6 14. Qd2 Kh8 15. Rae1 Ne6 16. Ne2 Nxf4 17. Nxf4 exf4 18. Bxf4 d5 19. exd5 Nxd5 20. Bxd5 cxd5 21. d4 Bd6 22. Bxd6 Qxd6 23. Re2 h6 24. Rfe1 Qd7 25. Qb4 Kg8 26. Re7 Qc6 27. c3 Rde8 28. Qb5 Rxe7 29. Rxe7 Qg6 30. Rxa7 Qb1+ 31. Kh2 Qc1 32. Qxd5 Qf4+ 33. g3 Qc1 34. Qg2 Re8 35. Ra8 Rxa8 36. Qxa8+ Kh7 37. Qe4+ g6 38. Qe2 Qa1 39. Qc2 Qe1 40. d5 Qe5 41. Qd2 Qd6 42. c4 h5 43. Kg2 h4 44. Qf4 Qb4 45. Qxf7+ Kh6 46. Qf4+ Kg7 47. Qd4+ Kf7 48. d6 Qxa4 49. d7 Qc2+ 50. Qf2+ Qxf2+ 51. Kxf2 hxg3+ 52. Kxg3 Ke7 53. Kg4 Kxd7 54. Kg5 Kd6 55. Kxg6 Kc5 56. h4 Kxc4 57. h5 1-0